 Dungeon Crawl Stone Soup version 0.31-a0-219-g8d62b2e7bb (webtiles) character file.

Game seed: 4308035185818820950

93 qw the Shooter (level 4, -3/26 HPs)
             Began as a Gargoyle Hexslinger on July 3, 2023.
             Killed from afar by Dowan (6 damage)
             ... with a puff of flame
             ... on level 4 of the Dungeon.
             The game lasted 00:00:57 (2501 turns).

qw the Shooter (Gargoyle Hexslinger)                Turns: 2501, Time: 00:00:57

Health: -3/26      AC:  8    Str: 11    XL:     4   Next: 62%
Magic:  5/5        EV: 10    Int: 14    God:
Gold:   226        SH:  0    Dex: 14    Spells: 4/5 levels left

rFire   . . .        Y - +1 sling (freeze)
rCold   . . .        (no shield)
rNeg    + . .        e - +0 ring mail
rPois   inf          (no helmet)
rElec   +            (no cloak)
rCorr   .            (no gloves)
SInv    .            (no boots)
Will    .....        (no amulet)
Stlth   +            (no ring)
HPRegen 0.24/turn    (no ring)
MPRegen 0.09/turn

%: no passive effects
@: no status effects
A: sickness immunity, AC +3, negative energy resistance 1, electricity
resistance, torment resistance 1, petrification resistance
a: no special abilities


You were on level 4 of the Dungeon.
You visited 1 branch of the dungeon, and saw 4 of its levels.

You collected 226 gold pieces.


Innate Abilities, Weirdness & Mutations

You are immune to sickness and miasma.
Your stone body is resilient. (AC +3)
You are immune to poison.
You resist negative energy. (rN+)
You are resistant to electric shocks. (rElec)
You are resistant to unholy torment.
You are immune to petrification.


   Skills:
 - Level 2.0 Fighting
 - Level 4.4 Ranged Weapons
 + Level 0.0 Armour
 - Level 1.5 Dodging
 - Level 1.0 Spellcasting
 - Level 2.6 Hexes


You had 4 spell levels left.
You knew the following spells:

 Your Spells              Type           Power      Damage    Failure   Level
a - Slow                  Hex            32%        N/A       22%         1

Your spell library contained the following spells:

 Spells                   Type           Power      Damage    Failure   Level
 Inner Flame              Hex/Fire       4%         N/A       73%         3
 Portal Projectile        Hex/Tloc       8%         N/A       73%         3
 Cause Fear               Hex            4%         N/A       91%         4

Inventory:

Hand Weapons
 Y - a +1 sling of freezing (weapon)
Armour
 e - a +0 ring mail (worn)
Scrolls
 a - a scroll of identify
 b - a scroll of teleportation
Potions
 c - a potion of curing
 g - a potion of degeneration {unknown}

Dungeon Overview and Level Annotations

Branches:
Dungeon (4/15)
 Temple: D:4-7

Altars:

Annotations:
D:4 Dowan, Duvessa


Message History

You shoot a sling bullet. The sling bullet hits Duvessa.
The sling bullet freezes Duvessa.
Duvessa is lightly wounded.
You feel your willpower return.
You hear a shout!
Dowan, Brother of Duvessa comes into view.
He is wielding a +0 dagger.
You shoot a sling bullet.
The sling bullet closely misses Duvessa.
You shoot a sling bullet.
The sling bullet hits Duvessa but does no damage.
Duvessa is lightly wounded.
Duvessa hits you with a +0 short sword.
You shoot a sling bullet. The sling bullet hits Duvessa.
The sling bullet freezes Duvessa.
Duvessa is lightly wounded.
Duvessa hits you but does no damage.
You shoot a sling bullet.
The sling bullet completely misses Duvessa.
Duvessa drinks a potion.
Duvessa seems to speed up.
You shoot a sling bullet. The sling bullet barely misses Duvessa.
Duvessa hits you with a +0 short sword. Dowan hits you with a +0 dagger.
Duvessa barely misses you. Dowan hits you but does no damage.
You shoot a sling bullet.
The sling bullet hits Duvessa but does no damage.
Duvessa is lightly wounded.
Duvessa barely misses you. Duvessa completely misses you.
Dowan hits you but does no damage.
You shoot a sling bullet. The sling bullet hits Duvessa.
The sling bullet freezes Duvessa.
Duvessa is lightly wounded.
Duvessa barely misses you. Dowan hits you but does no damage.
Duvessa hits you with a +0 short sword!
You shoot a sling bullet. The sling bullet hits Duvessa.
The sling bullet freezes Duvessa.
Duvessa is moderately wounded.
Duvessa hits you but does no damage. Dowan hits you with a +0 dagger.
Duvessa hits you with a +0 short sword. Dowan gestures at you while chanting.
The puff of flame hits you.
You die...

# # .#. ... ###
#.####.## #...#...#
####..e#...#### ###
......e@...#..#######.#
#.#.###.........##..#.##
##...............#
#...#...........##
#..###.....<...### ##.
##.......## .. #......##
.#. ....#....#
....##..##


You could see Duvessa (fast) and Dowan.

Vanquished Creatures
  An adder (D:2)
  2 worms (D:2)
  2 dart slugs (D:3)
  6 orcs (D:3)
  7 endoplasms
  6 giant cockroaches
  6 goblins
  5 hobgoblins
  5 quokkas
  6 ball pythons
  4 bats
  6 frilled lizards
  A kobold (D:1)
  5 rats
62 creatures vanquished.

Notes
Turn   | Place    | Note
-------+----------+-------------------------------------------
     0 | D:1      | qw the Gargoyle Hexslinger began the quest for the Orb.
     0 | D:1      | Reached XP level 1. HP: 12/12 MP: 2/2
     0 | D:1      | 0 ||| qw: Version: 0.3-a-40-ge99b1a8
     0 | D:1      | 0 ||| qw: Game counter: 447
     0 | D:1      | 0 ||| qw: Melee chars always use a shield: true
     0 | D:1      | 0 ||| qw: God list: Okawaru
     0 | D:1      | 0 ||| qw: Allow faded altars: false
     0 | D:1      | 0 ||| qw: Do Orc after clearing Dungeon:15 true
     0 | D:1      | 0 ||| qw: Do second Lair branch before Depths: true
     0 | D:1      | 0 ||| qw: Lair rune preference: random
     0 | D:1      | 0 ||| qw: Goals: Normal
     0 | D:1      | 0 ||| PLANNING D:1-11
    59 | D:1      | Reached XP level 2. HP: 16/16 MP: 3/3
   166 | D:1      | You fall into a shaft and drop 1 floor!
   304 | D:2      | 304 ||| READING 2 scrolls labelled GOUCZOERUX.
   305 | D:2      | 305 ||| READING scroll labelled IFURGH KAITEMU.
   314 | D:2      | Reached skill level 3 in Ranged Weapons
   371 | D:2      | 371 ||| READING scroll labelled BOSECR CYSE.
   384 | D:2      | 384 ||| DROPPING scroll of poison.
   385 | D:2      | 385 ||| Stepping randomly (stuck).
   386 | D:2      | 386 ||| Stepping randomly (stuck).
   387 | D:2      | 387 ||| Stepping randomly (stuck).
   499 | D:1      | Reached XP level 3. HP: 21/21 MP: 4/4
   900 | D:1      | 900 ||| UPGRADING to +0 leather armour.
   910 | D:1      | 910 ||| DROPPING +0 robe.
   911 | D:1      | 911 ||| READING scroll labelled PATTUE WUSIDUST.
  1696 | D:2      | 1696 ||| READING scroll labelled GUEWUMN TEKHAL.
  1697 | D:2      | 1697 ||| READING 2 scrolls of identify.
  1697 | D:2      | 1697 ||| IDENTIFYING sapphire potion
  1796 | D:3      | Reached XP level 4. HP: 23/26 MP: 5/5
  1870 | D:3      | Reached skill level 4 in Ranged Weapons
  2438 | D:3      | 2438 ||| UPGRADING to +0 ring mail.
  2448 | D:3      | 2448 ||| DROPPING +0 leather armour.
  2449 | D:3      | 2449 ||| READING scroll labelled KYFEUL NEMPOCH.
  2492 | D:4      | Noticed Duvessa
  2493 | D:4      | Noticed Dowan
  2501 | D:4      | HP: 3/26 [Duvessa/+0 short sword (5)]
  2501 | D:4      | Killed from afar by Dowan

Levels and vault maps discovered:
D:1:      onia_arrival_handbag, layout_loops_cross, nicolae_eternal_life
D:2:      layout_basic, wander_ebering_terrifying_dragon_lair
D:3:      layout_loops_ring
D:4:      layout_cave_pools, uniq_duvessa

Skill      XL: |  1  2  3  4 |
---------------+-------------+-----
Ranged Weapons | 3 4 |  4.4
Fighting       | 2 |  2.0
Dodging        | |  1.5
Spellcasting   | |  1.0
Hexes          | |  2.6

Action                     |  1- 3 |  4- 6 || total
---------------------------+-------+-------++-------
   Fire: Sling             |   143 |    76 ||   219
    Use: Scroll            |     6 |     1 ||     7
 Armour: Robe              |    15 |       ||    15
         Leather armour    |    10 |     9 ||    19
         Ring mail         |       |     5 ||     5
  Dodge: Dodged            |    45 |    23 ||    68

Table legend:
 A = Non-vault XP
 B = Vault XP
 C = Vault XP percentage of total XP
 D = Non-vault monster count
 E = Vault monster count
 F = Vault count percentage of total count
                 A         B        C        D         E       F
            +---------+---------+-------+---------+---------+-------
      Total |     127 |       7 |   5.2 |      57 |       5 |   8.1
            +---------+---------+-------+---------+---------+-------
        D:1 |      31 |       6 |  16.2 |      19 |       4 |  17.4
        D:2 |      37 |       1 |   2.6 |      12 |       1 |   7.7
        D:3 |      59 |       0 |   0.0 |      26 |       0 |   0.0
            +---------+---------+-------+---------+---------+-------
